[Event "ICCopen2017"]
[Site "Internet Chess Club"]
[Date "2017.03.26"]
[Round "1"]
[White "JUGGERNOT"]
[Black "habishek"]
[Result "1-0"]
[ICCResult "Black checkmated"]
[WhiteElo "1866"]
[BlackElo "1110"]
[Opening "Bird's opening"]
[ECO "A02"]
[NIC "VO.07"]
[Time "19:02:31"]
[TimeControl "180+0"]

1. f4 d6 2. Nf3 e6 3. e4 Be7 4. Bc4 Bd7 5. O-O Nc6 6. d4 a6 7. a4 h6 8. Kh1
Nf6 9. Qe2 O-O 10. c3 Qe8 11. Bb3 Na7 12. Bc2 b5 13. a5 b4 14. b3 Bb5 15. c4
Bc6 16. Bb2 Bd7 17. e5 dxe5 18. fxe5 Nh7 19. Qd3 Ng5 20. Nxg5 g6 21. Ne4 f5
22. exf6 Bxf6 23. Nxf6+ Rxf6 24. Rxf6 e5 25. Rxg6+ Kh8 26. Rxh6+ Kg8 27.
Qh7+ Kf8 28. Rf6+ Qf7 29. Qxf7# {Black checkmated} 1-0

[Event "ICCopen2017"]
[Site "Internet Chess Club"]
[Date "2017.03.26"]
[Round "1"]
[White "Mad-Cobra"]
[Black "applepear"]
[Result "1-0"]
[ICCResult "Black forfeits on time"]
[WhiteElo "1860"]
[BlackElo "1086"]
[Opening "Queen's pawn game"]
[ECO "D00"]
[NIC "QP.08"]
[Time "19:01:24"]
[TimeControl "180+0"]

1. d4 d5 2. g3 c6 3. Bg2 Bf5 4. e3 Nd7 5. h4 e6 6. Nd2 Ngf6 7. Bh3 Bg6 8.
Ngf3 Bd6 9. a3 O-O 10. b4 a6 11. c3 b5 12. Bb2 Nb6 13. O-O Na4 14. Qc1 Nd7
15. Nb3 Qe7 16. Nfd2 Rfc8 17. f4 f5 18. Nf3 h6 19. Ra2 Rab8 20. Nc5 Bxc5 21.
bxc5 Bh5 22. Ba1 Bxf3 23. Rxf3 Nf6 24. Rf1 Ne4 25. Kh2 Nexc3 26. Bxc3
{Black forfeits on time}
1-0

[Event "ICCopen2017"]
[Site "Internet Chess Club"]
[Date "2017.03.26"]
[Round "1"]
[White "chesscomet"]
[Black "sacov"]
[Result "0-1"]
[ICCResult "White resigns"]
[WhiteElo "1511"]
[BlackElo "2136"]
[Opening "Scandinavian: Marshall variation"]
[ECO "B01"]
[NIC "SD.03"]
[Time "19:01:39"]
[TimeControl "180+0"]

1. e4 d5 2. exd5 Nf6 3. d4 Nxd5 4. c4 Nb6 5. Nc3 e5 6. Nf3 exd4 7. Nxd4 Bc5
8. Nf3 Qxd1+ 9. Nxd1 O-O 10. Ne3 Re8 11. Be2 Nc6 12. O-O Be6 13. b3 h6 14.
Nc2 a5 15. Be3 Bf8 16. Ncd4 Bd7 17. Rfe1 Nb4 18. a3 Na6 19. h3 Nc5 20. Rab1
Ne4 21. b4 axb4 22. axb4 Nc3 23. Rb2 Nxe2+ 24. Rbxe2 Nxc4 25. b5 Nxe3 26.
Rxe3 Rxe3 27. Rxe3 Bc5 28. Rc3 Ra1+ 29. Kh2 Bd6+ 30. g3 Rb1 31. Nd2 Rb2 32.
Ne4 Be5 33. Rd3 Rb4 34. Nf3 Bxb5 35. Rd8+ Kh7 36. Ned2 Bd6 37. Ra8 Rb2 38.
Ra3 Bxa3 {White resigns} 0-1

[Event "ICCopen2017"]
[Site "Internet Chess Club"]
[Date "2017.03.26"]
[Round "1"]
[White "octavia"]
[Black "ShiningArmor"]
[Result "1-0"]
[ICCResult "Black checkmated"]
[WhiteElo "2261"]
[BlackElo "1545"]
[Opening "English opening"]
[ECO "A10"]
[NIC "EO.64"]
[Time "19:01:46"]
[TimeControl "180+0"]

1. c4 d5 2. cxd5 Qxd5 3. Nc3 Qe6 4. Nf3 Nc6 5. d4 Qg6 6. g3 h6 7. Bg2 Bd7 8.
d5 Nb4 9. e4 O-O-O 10. Ne5 Qh7 11. Nxf7 Nf6 12. O-O Re8 13. Nxh8 Qxh8 14.
Be3 h5 15. h4 a6 16. a3 Nc6 17. dxc6 Bxc6 18. Rc1 e5 19. Nd5 Rd8 20. Qc2 Bd6
21. Rfd1 Nxd5 22. exd5 Bd7 23. Bb6 Kb8 24. Bxc7+ Bxc7 25. Qxc7+ Ka8 26. d6
Bc6 27. Bxc6 bxc6 28. Qxc6+ Kb8 29. Qb6+ Ka8 30. Rc7 Rb8 31. Qxa6#
{Black checkmated}
1-0

[Event "ICCopen2017"]
[Site "Internet Chess Club"]
[Date "2017.03.26"]
[Round "1"]
[White "kaimann"]
[Black "cap78red"]
[Result "1-0"]
[ICCResult "Black checkmated"]
[WhiteElo "1946"]
[BlackElo "1325"]
[Opening "King's pawn opening"]
[ECO "B07"]
[NIC "VO.17"]
[Time "19:02:13"]
[TimeControl "180+0"]

1. e4 d6 2. Nf3 Nf6 3. e5 dxe5 4. Nxe5 c6 5. Bc4 Be6 6. Bxe6 fxe6 7. O-O g6
8. d4 Nbd7 9. Nf3 Bg7 10. Ng5 e5 11. Ne6 Qb6 12. Nxg7+ Kf7 13. dxe5 Nxe5 14.
Qe2 Qd4 15. c3 Qd5 16. f4 Nd3 17. Rd1 Qc5+ 18. Be3 Nxf4 19. Qf2 Qh5 20. Nxh5
N6xh5 21. Bxf4 Nxf4 22. Qxf4+ Kg7 23. Qe5+ Kh6 24. Na3 Rhf8 25. Qxe7 Rae8
26. Qh4+ Kg7 27. Rd7+ Rf7 28. Qd4+ Kg8 29. Qc4 Kf8 30. Qxf7# {Black
checkmated} 1-0

[Event "ICCopen2017"]
[Site "Internet Chess Club"]
[Date "2017.03.26"]
[Round "1"]
[White "Baerenstarker"]
[Black "Sebs"]
[Result "0-1"]
[ICCResult "White checkmated"]
[WhiteElo "1824"]
[BlackElo "2997"]
[Opening "King's Indian: 4.e4"]
[ECO "E70"]
[NIC "KI.31"]
[Time "19:02:12"]
[TimeControl "180+0"]

1. d4 Nf6 2. c4 g6 3. Nc3 Bg7 4. e4 d6 5. Bd3 O-O 6. Nge2 e5 7. d5 a5 8. O-O
Na6 9. f3 Nc5 10. Bc2 Nh5 11. Be3 b6 12. a3 Na6 13. Rb1 f5 14. Qd2 f4 15.
Bf2 g5 16. b4 axb4 17. axb4 g4 18. Kh1 Qg5 19. c5 bxc5 20. bxc5 Nxc5 21.
Bxc5 dxc5 22. d6 Be6 23. dxc7 g3 24. Bb3 Bxb3 25. Rxb3 gxh2 26. Rfb1 Rac8
27. Qd7 Nf6 28. Qd6 Ne8 29. Qe6+ Kh8 30. Qxc8 Rg8 31. Rb8 Bf6 32. Qxe8 Qxg2#
{White checkmated}
0-1

[Event "ICCopen2017"]
[Site "Internet Chess Club"]
[Date "2017.03.26"]
[Round "1"]
[White "Eliezer"]
[Black "littleplotkin"]
[Result "0-1"]
[ICCResult "White checkmated"]
[WhiteElo "1554"]
[BlackElo "2265"]
[Opening "Robatsch (modern) defense"]
[ECO "B06"]
[NIC "KF.06"]
[Time "19:02:25"]
[TimeControl "180+0"]

1. e4 g6 2. Nf3 Bg7 3. d4 d6 4. h3 Nf6 5. Bd3 O-O 6. O-O Nc6 7. c3 e5 8. d5
Ne7 9. Bg5 Ne8 10. Bxe7 Qxe7 11. Nbd2 f5 12. Re1 f4 13. Qc2 g5 14. Kf1 h5
15. Ke2 g4 16. Ng1 Bh6 17. Kd1 Nf6 18. Kc1 a5 19. a4 Bd7 20. b3 c6 21. Kb2
cxd5 22. exd5 Kh8 23. c4 Bg7 24. hxg4 e4 25. Nxe4 Nxe4+ 26. Ka3 Bxa1 27.
Bxe4 Qg7 28. Rxa1 Qxa1+ 29. Qa2 Qxa2+ 30. Kxa2 hxg4 31. f3 Rae8 32. Kb2 Rxe4
33. fxe4 f3 34. gxf3 gxf3 35. Nxf3 Rxf3 36. c5 Kg7 37. cxd6 Kf6 38. e5+ Kxe5
39. b4 Kxd5 40. bxa5 Kc4 41. a6 bxa6 42. a5 Rf2+ 43. Ka3 Rf3+ 44. Kb2 Ba4
45. Ka2 Rf2+ 46. Ka3 Bb3 47. d7 Ra2# {White checkmated} 0-1

[Event "ICCopen2017"]
[Site "Internet Chess Club"]
[Date "2017.03.26"]
[Round "1"]
[White "simplerxiao"]
[Black "herbyeddy"]
[Result "1-0"]
[ICCResult "Black resigns"]
[WhiteElo "2080"]
[BlackElo "1486"]
[Opening "Sicilian: Najdorf, 7.f4"]
[ECO "B96"]
[NIC "SI.04"]
[Time "19:01:44"]
[TimeControl "180+0"]

1. e4 c5 2. Nf3 d6 3. d4 cxd4 4. Nxd4 Nf6 5. Nc3 a6 6. Bg5 e6 7. f4 h6 8.
Bh4 Qb6 9. Qd2 Qxb2 10. Rb1 Qa3 11. e5 dxe5 12. fxe5 Nfd7 13. Ne4 Qc5 14.
Nxc5 Bxc5 15. c3 O-O 16. Be2 b5 17. O-O Bb7 18. Qf4 Bd5 19. Kh1 Bxa2 20. Ra1
Bd5 21. Bf3 Nb6 22. Qg3 N8d7 23. Nc6 Rfe8 24. Bf6 Bf8 25. Nb4 Bxf3 26. Rxf3
Rec8 27. Raf1 Rc7 28. Bxg7 Bxg7 29. Rxf7 {Black resigns} 1-0

[Event "ICCopen2017"]
[Site "Internet Chess Club"]
[Date "2017.03.26"]
[Round "1"]
[White "DropZone"]
[Black "alan2015"]
[Result "0-1"]
[ICCResult "White checkmated"]
[WhiteElo "2099"]
[BlackElo "1528"]
[Opening "Queen's bishop game"]
[ECO "D02"]
[NIC "QP.08"]
[Time "19:01:45"]
[TimeControl "180+0"]

1. d4 d5 2. Nf3 Nf6 3. Bf4 Bf5 4. e3 e6 5. c4 c6 6. Nc3 Bd6 7. Qb3 b6 8. Bg3
Bxg3 9. hxg3 h6 10. Ne5 Qc7 11. Rc1 Qb7 12. Be2 O-O 13. O-O Nbd7 14. cxd5
exd5 15. Bd3 Nxe5 16. Bxf5 Nc4 17. Rfd1 Rfe8 18. Bd3 b5 19. a4 a6 20. Ra1
Reb8 21. Ra2 b4 22. Ne2 Na5 23. Qc2 b3 24. Qc3 bxa2 25. Qxa5 Qxb2 26. Nc3
a1=Q 27. Rxa1 Qxa1+ 28. Kh2 Ng4+ 29. Kh3 Nxf2+ 30. Kh2 Qh1# {White
checkmated} 0-1

[Event "ICCopen2017"]
[Site "Internet Chess Club"]
[Date "2017.03.26"]
[Round "1"]
[White "aravind6904"]
[Black "patterncircular"]
[Result "0-1"]
[ICCResult "White checkmated"]
[WhiteElo "1480"]
[BlackElo "2055"]
[Opening "Pirc: Ufimtsev-Pytel variation"]
[ECO "B07"]
[NIC "PU.08"]
[Time "19:02:39"]
[TimeControl "180+0"]

1. e4 d6 2. d4 Nf6 3. Nc3 c6 4. Nf3 Bg4 5. Be2 Nbd7 6. h3 Bh5 7. O-O e5 8.
dxe5 dxe5 9. Bg5 Be7 10. Qd3 Qc7 11. Rad1 Nc5 12. Qc4 b5 13. Qb4 Ne6 14. Qb3
Bxf3 15. Bxf3 Nxg5 16. a3 Nxf3+ 17. gxf3 O-O 18. Ne2 Nh5 19. Ng3 Nf4 20. Kh2
g6 21. Qe3 Bg5 22. Qc3 Qc8 23. Rd6 Qxh3+ 24. Kg1 Qg2# {White checkmated} 0-1

[Event "ICCopen2017"]
[Site "Internet Chess Club"]
[Date "2017.03.26"]
[Round "1"]
[White "zelog"]
[Black "schiele"]
[Result "0-1"]
[ICCResult "White resigns"]
[WhiteElo "2025"]
[BlackElo "1738"]
[Opening "King's Indian: fianchetto, Panno variation"]
[ECO "E63"]
[NIC "KI.71"]
[Time "19:02:17"]
[TimeControl "180+0"]

1. c4 Nf6 2. g3 g6 3. Bg2 Bg7 4. Nf3 O-O 5. O-O d6 6. d4 Nc6 7. Nc3 a6 8. d5
Na5 9. Nd2 c5 10. a3 Rb8 11. Rb1 b5 12. cxb5 axb5 13. b4 cxb4 14. axb4 Nc4
15. Nxc4 bxc4 16. Be3 Bf5 17. Rb2 Nxd5 18. Bxd5 Bxc3 19. Ra2 Rxb4 20. Bd4
Bxd4 21. Qxd4 e6 22. Bg2 Qb6 23. Rd2 Qxd4 24. Rxd4 d5 25. e4 Bxe4 26. Bxe4
dxe4 27. Rxe4 Rc8 28. Rc1 Kf8 29. Kg2 Ke7 30. h4 f5 31. Rd4 e5 32. Rd5 Ke6
33. Ra5 c3 34. Ra6+ Kd5 35. Ra5+ Kc4 36. Kf3 e4+ 37. Ke3 Rd8 38. Rc2 Rd3+
39. Ke2 Kb3 40. Raa2 Rbd4 41. h5 gxh5 42. Ke1 Rd1+ 43. Ke2 R4d3 44. f3 exf3+
45. Kf2 R1d2+ 46. Rxd2 Rxd2+ 47. Rxd2 cxd2 48. g4 hxg4 49. Kg3 d1=Q 50. Kf4
f2 51. Kg5 f1=Q 52. Kh6 g3 {White resigns} 0-1

[Event "ICCopen2017"]
[Site "Internet Chess Club"]
[Date "2017.03.26"]
[Round "1"]
[White "mbanan"]
[Black "mn8"]
[Result "0-1"]
[ICCResult "White forfeits on time"]
[WhiteElo "1312"]
[BlackElo "1942"]
[Opening "King's Indian: East Indian defense"]
[ECO "A48"]
[NIC "QP.06"]
[Time "19:01:55"]
[TimeControl "180+0"]

1. d4 Nf6 2. Nf3 g6 3. Nc3 Bg7 4. b3 O-O 5. Bb2 d5 6. e3 b6 7. Bd3 Ba6 8.
O-O Bxd3 9. cxd3 Nbd7 10. Re1 Re8 11. Rc1 e5 12. dxe5 Nxe5 13. Nxe5 Rxe5 14.
Nb5 Re7 15. f3 a6 16. Nc3 c5 17. d4 Rc8 18. e4 cxd4 19. Nxd5 Nxd5 20. exd5
Rxe1+ 21. Qxe1 Qxd5 {White forfeits on time} 0-1

[Event "ICCopen2017"]
[Site "Internet Chess Club"]
[Date "2017.03.26"]
[Round "1"]
[White "iphantom"]
[Black "DementedMonkey"]
[Result "0-1"]
[ICCResult "White checkmated"]
[WhiteElo "1543"]
[BlackElo "2197"]
[Opening "Queen's pawn"]
[ECO "A40"]
[NIC "QO.17"]
[Time "19:01:52"]
[TimeControl "180+0"]

1. d4 e6 2. Nd2 d5 3. e3 Nf6 4. Ngf3 Be7 5. a3 O-O 6. c4 b6 7. c5 bxc5 8.
dxc5 Bxc5 9. b4 Bb6 10. Bb2 c5 11. b5 Bb7 12. Be2 Nbd7 13. O-O c4 14. a4 Rc8
15. Ba3 Re8 16. Nb1 c3 17. Qc2 Ne4 18. Ne1 f5 19. Bd3 Ne5 20. f3 Bxe3+ 21.
Kh1 Nd2 22. Be2 Nxf1 23. Bxf1 d4 24. Nd3 Nc4 25. Bb4 e5 26. Nc5 Ba8 27. Qxf5
Rf8 28. Bxc4+ Kh8 29. Qd3 Rxf3 30. Ra2 Qh4 31. Qd1 Rf2 32. Rxf2 Qxf2 33. Bf1
c2 34. Qe2 Qxe2 35. Na3 Qxf1# {White checkmated} 0-1

[Event "ICCopen2017"]
[Site "Internet Chess Club"]
[Date "2017.03.26"]
[Round "1"]
[White "Kalmyk"]
[Black "tonychess2014"]
[Result "1-0"]
[ICCResult "Black resigns"]
[WhiteElo "2843"]
[BlackElo "1812"]
[Opening "Queen's pawn game"]
[ECO "A46"]
[NIC "QP.06"]
[Time "19:02:39"]
[TimeControl "180+0"]

1. d4 Nf6 2. Nf3 d6 3. Bg5 e6 4. Nbd2 Be7 5. e3 h6 6. Bh4 d5 7. Bd3 c6 8.
Qe2 Nbd7 9. c3 O-O 10. Ne5 Nxe5 11. dxe5 Nd7 12. Bxe7 Qxe7 13. f4 f5 14.
O-O-O Nc5 15. Bc2 b6 16. Nf3 Ba6 17. Qe1 Ne4 18. Rg1 Kh7 19. g4 Rad8 20. Kb1
Qc5 21. Nd4 Qe7 22. Nxc6 Qf7 23. Nxd8 Rxd8 24. gxf5 exf5 25. Rd4 Rc8 26. a3
Qe7 27. Rxd5 Rxc3 28. Bxe4 fxe4 29. Qxc3 Bd3+ 30. Rxd3 exd3 31. Qxd3+
{Black resigns}
1-0

[Event "ICCopen2017"]
[Site "Internet Chess Club"]
[Date "2017.03.26"]
[Round "1"]
[White "Cramagica"]
[Black "ErnestoRondon"]
[Result "0-1"]
[ICCResult "White forfeits on time"]
[WhiteElo "1098"]
[BlackElo "1862"]
[Opening "English: symmetrical variation"]
[ECO "A36"]
[NIC "EO.64"]
[Time "19:01:32"]
[TimeControl "180+0"]

1. c4 c5 2. Nc3 Nc6 3. g3 Nf6 4. Bg2 e6 5. f4 d5 6. cxd5 exd5 7. e3 Be7 8.
Nf3 O-O 9. O-O d4 10. exd4 cxd4 11. Nb5 a6 12. Na3 d3 13. b3 Bf5 14. Nc4 Ng4
15. Bb2 b5 16. Nce5 Ncxe5 17. Nxe5 Nxe5 18. fxe5 Be6 19. Bxa8 Bc5+ 20. Kg2
Qxa8+ 21. Qf3 Bd5 22. Rac1 Bxf3+ 23. Rxf3 Bb6 24. g4 Qe4 25. Kg3 Bd4 26.
Bxd4 Qxd4 27. Rcf1 Qxe5+ 28. Kg2 Rd8 29. h3 f6 30. Re3 Qd5+ 31. Kg3 h5 32.
Rf5 Qd6+ 33. Kh4 hxg4 34. hxg4 Kf7 35. Rh5 Re8 {White forfeits on time} 0-1

[Event "ICCopen2017"]
[Site "Internet Chess Club"]
[Date "2017.03.26"]
[Round "1"]
[White "HighGround"]
[Black "BUHO64"]
[Result "0-1"]
[ICCResult "White resigns"]
[WhiteElo "1396"]
[BlackElo "2009"]
[Opening "Sicilian, Chekhover variation"]
[ECO "B53"]
[NIC "SI.02"]
[Time "19:01:51"]
[TimeControl "180+0"]

1. e4 c5 2. Nf3 d6 3. d4 cxd4 4. Qxd4 Nf6 5. Bg5 Nc6 6. Bb5 Bd7 7. Bxc6 Bxc6
8. Nc3 e6 9. O-O-O Be7 10. h3 O-O 11. Rhe1 b5 12. a3 a5 13. Be3 Qc7 14. Qb6
Qxb6 15. Bxb6 b4 16. axb4 axb4 17. Ne2 Rfb8 18. Be3 Nxe4 19. Kb1 Ra6 20.
Nfd4 Rba8 21. Nb3 Bd5 22. Rxd5 exd5 23. f3 Nc5 24. Ned4 Bf6 25. Kc1 Bxd4 26.
Bxd4 Nxb3+ 27. cxb3 Ra1+ 28. Kd2 Rxe1 29. Kxe1 f6 30. Kd2 Kf7 31. g4 Ke6 32.
f4 Ra1 33. h4 f5 34. g5 g6 35. Ke2 Rh1 36. Bf2 Rh3 37. Kd2 Rxb3 38. Bd4 Rf3
39. Be3 d4 40. Bg1 Rxf4 41. Kd3 Rxh4 42. Kc4 Rg4 {White resigns} 0-1

[Event "ICCopen2017"]
[Site "Internet Chess Club"]
[Date "2017.03.26"]
[Round "1"]
[White "manusupergm2001"]
[Black "jps7"]
[Result "0-1"]
[ICCResult "White checkmated"]
[WhiteElo "2129"]
[BlackElo "1549"]
[Opening "Van't Kruijs opening"]
[ECO "A00"]
[Time "19:01:58"]
[TimeControl "180+0"]

1. e3 d5 2. d4 e6 3. c4 b6 4. Nc3 Nf6 5. Nf3 Bb7 6. Ne5 a6 7. Bd3 Bd6 8. O-O
O-O 9. Re1 Nbd7 10. f4 Ne4 11. cxd5 exd5 12. Qb3 Nxe5 13. fxe5 Be7 14. Bxe4
dxe4 15. Bd2 c5 16. d5 b5 17. d6 Bg5 18. Qc2 Re8 19. Nxe4 Rxe5 20. Nxc5 Rc8
21. b4 Qxd6 22. Bc3 Bxe3+ 23. Kh1 Rh5 24. h3 Rxh3# {White checkmated} 0-1

[Event "ICCopen2017"]
[Site "Internet Chess Club"]
[Date "2017.03.26"]
[Round "1"]
[White "dynamo"]
[Black "DGurevich"]
[Result "0-1"]
[ICCResult "White resigns"]
[WhiteElo "1706"]
[BlackElo "2545"]
[Opening "Sicilian"]
[ECO "B56"]
[NIC "SI.25"]
[Time "19:02:14"]
[TimeControl "180+0"]

1. e4 c5 2. Nf3 d6 3. d4 cxd4 4. Nxd4 Nf6 5. Nc3 Nc6 6. Be3 Ng4 7. Nxc6 bxc6
8. Qd2 Nxe3 9. Qxe3 Qb6 10. Qxb6 axb6 11. a3 b5 12. Be2 g6 13. O-O Bg7 14.
f4 O-O 15. Bf3 Bd7 16. Nd1 Ra7 17. c3 c5 18. Rc1 Rb8 19. Ne3 Kf8 20. Nd5 e6
21. Ne3 b4 22. axb4 cxb4 23. Rfd1 bxc3 24. bxc3 Ke7 25. g4 Rb3 26. f5 Rxc3
27. Rxc3 Bxc3 28. fxe6 fxe6 29. g5 Ra4 30. Ng4 Bd4+ 31. Kg2 Bc6 32. Re1 Ra2+
33. Kg3 Bc3 34. Re2 Rxe2 35. Bxe2 Bxe4 36. Nf6 Bxf6 37. gxf6+ Kxf6 38. h4
Ke5 {White resigns} 0-1

[Event "ICCopen2017"]
[Site "Internet Chess Club"]
[Date "2017.03.26"]
[Round "1"]
[White "DreadHead"]
[Black "Sc6"]
[Result "1-0"]
[ICCResult "Black forfeits on time"]
[WhiteElo "2430"]
[BlackElo "1629"]
[Opening "Nimzovich-Larsen attack: Indian variation"]
[ECO "A01"]
[NIC "VO.08"]
[Time "19:01:24"]
[TimeControl "180+0"]

1. b3 Nf6 2. Bb2 g6 3. e3 Bg7 4. Nf3 O-O 5. d4 d5 6. Nbd2 c6 7. Bd3 a5 8. a3
Nbd7 9. O-O b5 10. c4 bxc4 11. bxc4 Qb6 12. Qc2 Rb8 13. Bc3 Qc7 14. Rab1 Bb7
15. Qa4 Ra8 16. Rfc1 dxc4 17. Nxc4 Ba6 18. Nfe5 Nd5 19. Bxa5 Bxc4 20. Nxc4
N7b6 21. Nxb6 Nxb6 22. Bxb6 Qxb6 23. Qxa8 {Black forfeits on time} 1-0

[Event "ICCopen2017"]
[Site "Internet Chess Club"]
[Date "2017.03.26"]
[Round "1"]
[White "splashlee2010"]
[Black "Speiretti"]
[Result "0-1"]
[ICCResult "White forfeits on time"]
[WhiteElo "1194"]
[BlackElo "1877"]
[Opening "Alekhine's defense"]
[ECO "B02"]
[NIC "AL.10"]
[Time "19:02:00"]
[TimeControl "180+0"]

1. e4 Nf6 2. e5 Nd5 3. c4 Nb6 4. Nc3 d6 5. exd6 exd6 6. d4 Be7 7. Nf3 Nc6 8.
Be2 Bf5 9. O-O O-O 10. a3 Bf6 11. Be3 a5 12. h3 Re8 13. Nd5 Nxd5 14. cxd5
Ne7 15. Qb3 Qc8 16. Bb5 Rf8 17. Rac1 Be4 18. Bc4 Bxf3 19. gxf3 Qxh3 20. Bd2
Nf5 21. f4 Qg4+ 22. Kh2 Bxd4 23. Qh3 Qxh3+ 24. Kxh3 Bxb2
{White forfeits on time}
0-1

[Event "ICCopen2017"]
[Site "Internet Chess Club"]
[Date "2017.03.26"]
[Round "1"]
[White "Kusox"]
[Black "starfiasch"]
[Result "1-0"]
[ICCResult "Black checkmated"]
[WhiteElo "2193"]
[BlackElo "1552"]
[Opening "QGD semi-Slav: anti-Meran gambit"]
[ECO "D44"]
[NIC "SL.07"]
[Time "19:01:34"]
[TimeControl "180+0"]

1. d4 c6 2. c4 d5 3. Nf3 Nf6 4. Nc3 e6 5. Bg5 dxc4 6. e4 b5 7. e5 h6 8. Bh4
g5 9. Nxg5 hxg5 10. Bxg5 Nbd7 11. exf6 Qb6 12. Be2 c5 13. d5 Bb7 14. dxe6
fxe6 15. f7+ Kxf7 16. Qxd7+ Kg8 17. Qxb5 Bxg2 18. Rg1 Rxh2 19. Qxb6 axb6 20.
Bxc4 Re8 21. Bf4 Kf7 22. Bxh2 Bc6 23. Bf4 Bg7 24. O-O-O Kf6 25. Be5+ Kxe5
26. Rxg7 Rf8 27. Re1+ Kd6 28. Rxe6# {Black checkmated} 1-0

[Event "ICCopen2017"]
[Site "Internet Chess Club"]
[Date "2017.03.26"]
[Round "1"]
[White "Shafkat"]
[Black "Fighterman"]
[Result "0-1"]
[ICCResult "White checkmated"]
[WhiteElo "1658"]
[BlackElo "2459"]
[Opening "Sicilian: Najdorf, Zagreb (fianchetto) variation"]
[ECO "B91"]
[NIC "SI.14"]
[Time "19:01:45"]
[TimeControl "180+0"]

1. e4 c5 2. Nf3 d6 3. d4 cxd4 4. Nxd4 Nf6 5. Nc3 a6 6. g3 e5 7. Nde2 b5 8.
a3 Bb7 9. Bg2 Nbd7 10. O-O Rc8 11. h3 h5 12. Bg5 Be7 13. Nc1 Rxc3 14. bxc3
Nxe4 15. Bxe7 Qxe7 16. Bxe4 Bxe4 17. Nd3 h4 18. f3 Bxd3 19. Qxd3 hxg3 20.
Kg2 Nf6 21. f4 Qb7+ 22. Qf3 Qxf3+ 23. Rxf3 Nd5 24. fxe5 dxe5 25. Raf1 f6 26.
Rxg3 Kf7 27. Rf2 Rc8 28. Rff3 Rc4 29. Rg4 e4 30. Rf1 Ne3+ 31. Kf2 Nxf1 32.
Kxf1 f5 33. Ke2 fxg4 34. hxg4 Rxc3 35. Kd2 Rxa3 36. c3 Rxc3 37. Kxc3 a5 38.
Kd4 a4 39. Ke3 a3 40. Kd2 a2 41. Kc3 a1=Q+ 42. Kb4 Qg1 43. Kxb5 Qxg4 44. Kc4
Qe6+ 45. Kd4 e3 46. Kd3 e2 47. Kd4 e1=Q 48. Kc5 Qc3+ 49. Kb5 Qec6#
{White checkmated}
0-1

[Event "ICCopen2017"]
[Site "Internet Chess Club"]
[Date "2017.03.26"]
[Round "1"]
[White "MLorenzini"]
[Black "bookseller"]
[Result "1-0"]
[ICCResult "Black resigns"]
[WhiteElo "1955"]
[BlackElo "1369"]
[Opening "Torre attack (Tartakower variation)"]
[ECO "D03"]
[NIC "QP.08"]
[Time "19:01:52"]
[TimeControl "180+0"]

1. d4 d5 2. Nf3 Nf6 3. Bg5 Ne4 4. Bf4 c5 5. e3 Nc6 6. c3 Bf5 7. Nbd2 e6 8.
Be2 Bd6 9. Bxd6 Qxd6 10. O-O O-O 11. Nh4 Nxd2 12. Nxf5 exf5 13. dxc5 Qxc5
14. Qxd2 Rad8 15. Rfd1 Rd6 16. Qc2 g6 17. Qb3 Na5 18. Qc2 Rfd8 19. Rd2 Nc6
20. Rad1 a6 21. g3 Ne5 22. Rd4 Nc4 23. Bf3 Kg7 24. Kg2 b5 25. Qb3 Nb6 26.
Qb4 Qc7 27. b3 Qe7 28. c4 bxc4 29. bxc4 Nxc4 30. Bxd5 Nxe3+ 31. fxe3 Qxe3
32. Qd2 Qa3 33. Rd3 Qa5 34. Qxa5 Rxd5 35. Rxd5 {Black resigns} 1-0

[Event "ICCopen2017"]
[Site "Internet Chess Club"]
[Date "2017.03.26"]
[Round "1"]
[White "RobertoJBM"]
[Black "beaupre"]
[Result "1-0"]
[ICCResult "Black resigns"]
[WhiteElo "2764"]
[BlackElo "1777"]
[Opening "Queen's pawn: Yusupov-Rubinstein system"]
[ECO "A46"]
[NIC "QP.06"]
[Time "19:02:30"]
[TimeControl "180+0"]

1. d4 Nf6 2. Nf3 e6 3. e3 g6 4. Bd3 d6 5. O-O Bg7 6. c4 O-O 7. Nc3 Nbd7 8.
e4 a5 9. Re1 b6 10. Bg5 Ba6 11. e5 h6 12. exf6 Bxf6 13. Bxh6 Re8 14. Qd2 e5
15. Nd5 Bg7 16. Bxg7 Kxg7 17. dxe5 Nxe5 18. Nxe5 dxe5 19. Rad1 Qh4 20. g3
Qd4 21. Bf1 Qc5 22. Qe3 Qd6 23. c5 bxc5 24. Bxa6 Rxa6 25. Nb4 Qxd1 26. Rxd1
cxb4 27. Rd7 Rc6 28. h4 Ree6 29. h5 gxh5 30. Qg5+ Rg6 31. Qxh5 Rc1+ 32. Kg2
Rcc6 33. Qxe5+ Rcf6 34. Rxc7 Kh6 35. Qxa5 Rg5 36. Qxb4 Rgf5 37. Qh4+ Kg6 38.
Qxf6+ Rxf6 39. b4 Rb6 40. a3 f5 41. f4 Ra6 42. Rc3 Kf6 43. b5 Ra5 44. Rb3
Ke6 45. b6 Ra8 46. b7 Rb8 47. a4 {Black resigns} 1-0

[Event "ICCopen2017"]
[Site "Internet Chess Club"]
[Date "2017.03.26"]
[Round "1"]
[White "oli2"]
[Black "Cryptochess"]
[Result "0-1"]
[ICCResult "White resigns"]
[WhiteElo "1715"]
[BlackElo "2580"]
[Opening "English: Mikenas-Carls variation"]
[ECO "A18"]
[NIC "EO.57"]
[Time "19:01:29"]
[TimeControl "180+0"]

1. c4 Nf6 2. Nc3 e6 3. e4 d5 4. exd5 exd5 5. d4 Bb4 6. Nf3 O-O 7. Be2 Re8 8.
O-O Nc6 9. Be3 Bg4 10. cxd5 Nxd5 11. Nxd5 Qxd5 12. a3 Bd6 13. Qc2 Bxf3 14.
Bxf3 Nxd4 15. Bxd4 Qxd4 16. Bxb7 Rab8 17. Bc6 Rxb2 18. Qd1 Rd2 19. Qf3 Re7
20. Rae1 g6 21. g3 Rd3 22. Qg2 Bxa3 23. Rxe7 Bxe7 24. Re1 Bc5 25. Bb5 Rd2
26. Rf1 h5 27. h4 Qf6 28. Bc4 Kg7 29. Bd3 Rxd3 30. Qe4 Rd2 31. Qg2 a5 32.
Qc6 Qxc6 {White resigns} 0-1

[Event "ICCopen2017"]
[Site "Internet Chess Club"]
[Date "2017.03.26"]
[Round "1"]
[White "rotyi59"]
[Black "bumper10"]
[Result "0-1"]
[ICCResult "White checkmated"]
[WhiteElo "1518"]
[BlackElo "2188"]
[Opening "Sicilian, Chekhover variation"]
[ECO "B53"]
[NIC "SI.02"]
[Time "19:02:13"]
[TimeControl "180+0"]

1. e4 c5 2. Nf3 d6 3. d4 cxd4 4. Qxd4 a6 5. Be3 Nc6 6. Qd2 g6 7. Nc3 Bg7 8.
O-O-O Nf6 9. Bc4 O-O 10. Bd5 Na5 11. Bb3 b5 12. e5 Ne8 13. exd6 Nxd6 14. Bd4
Bb7 15. Bxg7 Kxg7 16. h4 Nf5 17. Qxd8 Rfxd8 18. h5 Nxb3+ 19. axb3 Bxf3 20.
gxf3 Rxd1+ 21. Nxd1 Nd4 22. f4 Ne2+ 23. Kd2 Nxf4 24. hxg6 hxg6 25. Ke3 Nd5+
26. Kf3 Rc8 27. c3 f5 28. Ne3 Nxe3 29. Kxe3 Rd8 30. Ra1 Rd6 31. c4 bxc4 32.
bxc4 Rb6 33. c5 Rxb2 34. Rxa6 Rc2 35. Rc6 e5 36. f4 e4 37. Rc8 Kf6 38. Rc6+
Kf7 39. Rc7+ Ke6 40. Rc6+ Kd5 41. Rxg6 Rc3+ 42. Ke2 Rf3 43. c6 Rc3 44. Rf6
Rxc6 45. Rxf5+ Kd4 46. Rf8 Rc2+ 47. Ke1 Ke3 48. f5 Rc1# {White checkmated}
0-1

[Event "ICCopen2017"]
[Site "Internet Chess Club"]
[Date "2017.03.26"]
[Round "1"]
[White "rencoroso"]
[Black "Kjaan1974"]
[Result "1-0"]
[ICCResult "Black resigns"]
[WhiteElo "2081"]
[BlackElo "1463"]
[Opening "Robatsch (modern) defense"]
[ECO "B06"]
[NIC "KF.05"]
[Time "19:02:28"]
[TimeControl "180+0"]

1. e4 g6 2. d4 Bg7 3. Be3 d6 4. Nc3 e6 5. Qd2 Bd7 6. O-O-O Ne7 7. Bh6 O-O 8.
h4 Bxh6 9. Qxh6 f5 10. f3 f4 11. h5 Qe8 12. hxg6 Qxg6 13. Qh4 Rf7 14. Nh3 e5
15. dxe5 dxe5 16. Bc4 Be6 17. Rd8+ Kg7 18. Bxe6 Qxe6 19. Nxf4 exf4 20. Qxh7+
Kf6 21. Rh6+ Ng6 22. Rxg6+ Ke7 23. Rxe6+ Kxe6 24. Qg8 c6 25. Rf8 {Black
resigns} 1-0